 Dungeon Crawl Stone Soup version 0.24-a0-282-g1a68c91 (webtiles) character file.

Game seed: 14485553579552711359

1242 MisterFreud the Slasher (level 8, -5/52 HPs)
             Began as an Octopode Fighter on May 2, 2019.
             Was a Follower of Cheibriados.
             Slain by an ice beast (13 damage)
             ... on level 6 of the Dungeon.
             The game lasted 00:08:32 (5310 turns).

MisterFreud the Slasher (Octopode Fighter)          Turns: 5310, Time: 00:08:33

Health: -5/52      AC:  1    Str: 18    XL:     8   Next: 49%
Magic:  8/8        EV: 14    Int: 14    God:    Cheibriados [*.....]
Gold:   212        SH: 10    Dex: 13    Spells: 7/7 levels left

rFire    . . .     SeeInvis .   a - +0 long sword
rCold    . . .     Gourm    .   b - +0 shield
rNeg     . . .     Faith    .   (helmet restricted)
rPois    .         Spirit   .   (no amulet)
rElec    .         Reflect  .   r - ring of protection from magic
rCorr    .         Harm     .   (no ring)
MR       +....                  (no ring)
Stlth    ++........             (no ring)
HPRegen  0.17/turn              (no ring)
MPRegen  0.11/turn              (no ring)
                                (no ring)
                                (no ring)

@: very slow
A: almost no armour, stealthy swim, amphibious, 8 rings, constrict 8, camouflage
1, gelatinous body 1
a: Bend Time, Renounce Religion


You were on level 6 of the Dungeon.
You worshipped Cheibriados.
Cheibriados was aware of your devotion.
You were not hungry.

You visited 2 branches of the dungeon, and saw 7 of its levels.

You collected 212 gold pieces.

Inventory:

Hand Weapons
 a - a +0 long sword (weapon)
Missiles
 c - 28 bolts
 e - a throwing net (quivered)
 f - 78 arrows
 j - 87 stones
 l - 4 needles of sleeping
 m - 8 tomahawks
 w - 27 sling bullets
 y - 4 poisoned tomahawks
Armour
 b - a +0 shield (worn)
 n - a +0 large shield
Jewellery
 r - a ring of protection from magic (left tentacle)
Wands
 v - a wand of digging (4)
 x - a wand of iceblast (8)
Scrolls
 g - a scroll of fog
 h - 4 scrolls of identify
 A - a scroll of remove curse
 C - a scroll of immolation
Potions
 i - 3 potions of mutation
 o - 2 potions of cancellation
 q - a potion of brilliance
 z - a potion of ambrosia
 B - 2 potions of curing
Comestibles
 d - 10 rations
 D - 9 chunks of flesh


   Skills:
 + Level 3.5 Fighting
 + Level 6.6 Long Blades
 - Level 6.0 Dodging
 - Level 6.0 Shields


You had 7 spell levels left.
You didn't know any spells.
Your spell library was empty.

Dungeon Overview and Level Annotations

Branches:
Dungeon (6/15)             Temple (1/1) D:4

Altars:
Ashenzari
Cheibriados
Dithmenos
Gozag
Hepliaklqana
Makhleb
Okawaru
Qazlal
Ru
Sif Muna
Trog
Uskayaw
Vehumet
Wu Jian
Xom
Yredelemnul
Zin

Shops:
D:4 %


Innate Abilities, Weirdness & Mutations

You cannot wear most types of armour.
You are very stealthy in the water. (Stealth+)
You are amphibious.
You can wear up to eight rings at the same time.
You can use your tentacles to constrict eight enemies at once.
Your skin changes colour to match your surroundings (Stealth+).
Your rubbery body absorbs attacks. (AC +1, EV +1)


Message History

The ice beast is lightly wounded.
The ice beast hits you. The ice beast freezes you.
You slash the ice beast! Your squeeze misses the ice beast.
The ice beast is heavily wounded.
The ice beast hits you. The ice beast freezes you!
You are too injured to fight recklessly!
You hit the ice beast but do no damage.
The ice beast is heavily wounded.
The ice beast hits you but does no damage.
You hit the ice beast but do no damage.
You squeeze the ice beast, but do no damage.
The ice beast is heavily wounded.
The ice beast hits you. The ice beast freezes you!
* * * LOW HITPOINT WARNING * * *
Your shield prevents you from hitting the ice beast.
The ice beast is heavily wounded.
The ice beast hits you.
* * * LOW HITPOINT WARNING * * *
The ice beast freezes you!
You die...

################
.........@Y....##
######.######..##
#....###...#
##.........#
#..8.8.8..#
#.........#
#.........#
#.#......##
#.#_)....#


You could see an ice beast.

Vanquished Creatures
  3 centaurs
  A bullfrog (D:6)
  2 scorpions (D:4)
  5 wights (D:6)
  2 howler monkeys (D:4)
  A crimson imp (D:5)
  3 hounds
  An orc priest (D:6)
  A bullfrog skeleton (D:6)
  2 orc wizards
  2 jellies
  2 worker ants
  A worker ant zombie (D:5)
  8 adders
  A shadow imp (D:6)
  3 adder skeletons
  4 worms
  3 dart slugs
  2 leopard geckos
  18 orcs
  6 bats (D:1)
  4 giant cockroaches
  6 goblins
  6 hobgoblins
  2 jackals (D:2)
  3 quokkas
  6 frilled lizards
  5 kobolds
  A leopard gecko skeleton (D:4)
  A quokka zombie (D:6)
  6 rats (D:1)
111 creatures vanquished.

Notes
Turn   | Place    | Note
-------+----------+-------------------------------------------
     0 | D:1      | MisterFreud the Octopode Fighter began the quest for the
                  | Orb.
     0 | D:1      | Reached XP level 1. HP: 16/16 MP: 1/1
    84 | D:1      | Reached XP level 2. HP: 12/21 MP: 2/2
   515 | D:1      | Reached XP level 3. HP: 26/26 MP: 3/3
  1213 | D:2      | Found a hazy altar of Hepliaklqana.
  1244 | D:2      | Reached XP level 4. HP: 12/31 MP: 4/4
  1367 | D:2      | Found an opulent altar of Gozag.
  1833 | D:3      | Found a shimmering altar of Xom.
  1836 | D:3      | You fall through a shaft for 2 floors!
  1836 | D:5      | Entered Level 5 of the Dungeon
  1974 | D:5      | Found an ornate altar of the Wu Jian Council.
  1984 | D:5      | Noticed a centaur
  1994 | D:5      | Killed a centaur
  1994 | D:5      | Reached skill level 5 in Long Blades
  1994 | D:5      | Reached XP level 5. HP: 14/36 MP: 5/5
  2011 | D:5      | Noticed a centaur
  2018 | D:5      | Killed a centaur
  2018 | D:5      | Reached XP level 6. HP: 6/42 MP: 6/6
  2507 | D:4      | Found a shadowy altar of Dithmenos.
  2513 | D:4      | Reached XP level 7. HP: 29/46 MP: 7/7
  2517 | D:4      | Reached skill level 5 in Dodging
  2778 | D:4      | Found Buut Odgh's Food Emporium.
  2830 | D:4      | Found a staircase to the Ecumenical Temple.
  3338 | D:3      | Found a sacrificial altar of Ru.
  3368 | D:3      | Found a faded altar of an unknown god.
  4381 | Temple   | Entered the Ecumenical Temple
  4388 | Temple   | Became a worshipper of Cheibriados the Contemplative
  5056 | D:6      | Reached XP level 8. HP: 35/52 MP: 8/8
  5083 | D:6      | Reached skill level 5 in Shields
  5118 | D:6      | HP: 2/52 [orc/+3 flail of holy wrath (8)]
  5136 | D:6      | Reached * piety under Cheibriados
  5270 | D:6      | Found a hide-covered altar of Uskayaw.
  5310 | D:6      | Slain by an ice beast

Levels and vault maps discovered:
D:1:      dpeg_arrival_simpleton_b, layout_basic
D:2:      layout_basic, lemuel_doored_altar, lemuel_coloured_pillars_altar
D:3:      layout_loops_ring, nicolae_ru_awakened_eye, xom_butterflies,
          chequers_ecumenical_altar_grove, first_ration
D:4:      layout_basic, grunt_dithmenos_smoke_and_mirrors,
          minmay_temple_entry_statues_fountains, serial_shops,
          nicolae_shop_statue_plus, minmay_strange_pillars,
          minmay_misc_feat_roman
D:5:      layout_basic, nicolae_overflow_crystal_walls
D:6:      layout_rooms, eat_drink_and_be_merry_uskayaw
Temple:   eino_temple_lava

Skill      XL: |  1  2  3  4  5  6  7  8 |
---------------+-------------------------+-----
Long Blades    | 3 4 5 6 |  6.6
Dodging        | 4 6 |  6.0
Shields        | 4 6 |  6.0
Fighting       | |  3.5

Action                   |  1- 3 |  4- 6 |  7- 9 || total
-------------------------+-------+-------+-------++-------
Melee: Long sword        |    68 |    51 |   141 ||   260
       Constrict         |    18 |    13 |    38 ||    69
       Tentacles         |    18 |    13 |    34 ||    65
Evoke: Wand              |       |       |     1 ||     1
  Use: Scroll            |     5 |     4 |     7 ||    16
       Potion            |       |     3 |     1 ||     4
 Stab: Sleeping          |     5 |     1 |    12 ||    18
       Distracted        |       |       |     2 ||     2
  Eat: Chunk             |     1 |     4 |     9 ||    14
Armor: Skin              |    11 |       |     6 ||    17
Dodge: Dodged            |    27 |    22 |    49 ||    98
Block: Shield            |    35 |    26 |    50 ||   111
       Rpst.: Long sword |     7 |    10 |    11 ||    28

Table legend:
 A = Non-vault XP
 B = Vault XP
 C = Vault XP percentage of total XP
 D = Non-vault monster count
 E = Vault monster count
 F = Vault count percentage of total count
                 A         B        C        D         E       F
            +---------+---------+-------+---------+---------+-------
      Total |    1775 |       0 |   0.0 |     111 |       0 |   0.0
            +---------+---------+-------+---------+---------+-------
        D:1 |      39 |       0 |   0.0 |      24 |       0 |   0.0
        D:2 |      54 |       0 |   0.0 |      16 |       0 |   0.0
        D:3 |     102 |       0 |   0.0 |      11 |       0 |   0.0
        D:4 |     422 |       0 |   0.0 |      12 |       0 |   0.0
        D:5 |     469 |       0 |   0.0 |      22 |       0 |   0.0
        D:6 |     689 |       0 |   0.0 |      26 |       0 |   0.0
            +---------+---------+-------+---------+---------+-------
